 Dungeon Crawl Stone Soup version 0.25-a0-697-g890751e744 (webtiles) character file.

Game seed: 13164828523066188485, levelgen mode: deterministic

20859 Esekla the Fighter (level 12, -27/99 HPs)
             Began as a Gnoll Abyssal Knight on Apr 2, 2020.
             Was the Champion of Lugonu.
             Killed by the air
             ... invoked by Gastronok
              (40 damage)
             ... on level 3 of the Lair of Beasts.
             The game lasted 02:19:16 (14450 turns).

Esekla the Fighter (Gnoll Abyssal Knight)          Turns: 14450, Time: 02:19:17

Health: -27/99     AC: 16    Str: 18    XL:     12   Next: 83%
Magic:  3/25       EV: 16    Int: 18    God:    Lugonu [******]
Gold:   594        SH:  7    Dex: 17    Spells: 2/26 levels left

rFire    + . .     SeeInvis +   t - +2 trident (vamp)
rCold    . . .     Gourm    .   N - +1 buckler of Lugonu's Pride {rElec Int-3 Dex+2 SInv}
rNeg     . . .     Faith    .   R - +2 ring mail {rF+}
rPois    .         Spirit   .   r - +2 helmet
rElec    +         Reflect  .   (no cloak)
rCorr    .         Harm     .   s - +2 pair of gloves
MR       .....                  (no boots)
Stlth    +++.......             T - amulet of the acrobat
HPRegen  0.26/turn              B - ring of wizardry
MPRegen  0.19/turn              S - ring "Denemef" {Wiz Int+3}

@: flying, very slightly contaminated, slowed, very slow
A: distributed training, fangs 1, rugged brown scales 1, see invisible, high mp
1, strong 1, strong nose
a: Depart the Abyss, Bend Space, Banish, Corrupt, Enter the Abyss, Brand Weapon
With Distortion, Renounce Religion


You were on level 3 of the Lair of Beasts.
You worshipped Lugonu.
Lugonu was exalted by your worship.
You were very hungry.

You visited 2 branches of the dungeon, and saw 13 of its levels.
You visited the Abyss 1 time.

You collected 978 gold pieces.
You spent 384 gold pieces at shops.

Inventory:

Hand Weapons
 a - a +1 falchion
 h - a +2 dire flail of holy wrath
 l - a +3 long sword of draining
 m - the +3 mace of Uncertain Death {drain, rElec rPois}
   (You found it on level 6 of the Dungeon)

   A truly terrible weapon, it drains the life of those it strikes.
   It insulates you from electricity.
   It protects you from poison.
 t - a +2 vampiric trident (weapon)
 v - a +3 short sword of venom
Missiles
 D - 70 poisoned darts (quivered)
 G - 7 boomerangs
 Y - 8 javelins
Armour
 g - a +1 plate armour of fire resistance
 r - a +2 helmet (worn)
 s - a +2 pair of gloves (worn)
 N - the +1 buckler of Lugonu's Pride (worn) {rElec Int-3 Dex+2 SInv}
   (You bought it in a shop on level 8 of the Dungeon)

   It affects your intelligence (-3).
   It affects your dexterity (+2).
   It insulates you from electricity.
   It lets you see invisible.
 O - a +2 robe of magic resistance
 R - a +2 ring mail of fire resistance (worn)
Jewellery
 B - a ring of wizardry (left hand)
 S - the ring "Denemef" (right hand) {Wiz Int+3}
   (You took it off a centaur on level 8 of the Dungeon)

   [ring of wizardry]

   It improves your spell success rate.
   It affects your intelligence (+3).
 T - an amulet of the acrobat (around neck)
 W - an uncursed ring of fire {unknown}
 X - an uncursed ring of fire {unknown}
Wands
 f - a wand of paralysis (6)
 j - a wand of iceblast (8)
 z - a wand of flame (42)
 A - a wand of disintegration (10)
 K - a wand of digging (5)
Scrolls
 e - a scroll of identify
 k - 4 scrolls of fear
 o - 3 scrolls of amnesia {unknown}
 w - 3 scrolls of magic mapping {unknown}
 y - a scroll of immolation {unknown}
 F - 3 scrolls of enchant armour
 L - a scroll of holy word
 M - 2 scrolls of teleportation
 Q - 2 scrolls of fog {unknown}
 U - a scroll of remove curse
Potions
 b - a potion of ambrosia {unknown}
 d - 2 potions of brilliance
 n - 2 potions of invisibility
 p - 3 potions of resistance
 q - 2 potions of magic
 u - 2 potions of flight
 x - 5 potions of lignification
 E - 11 potions of curing
 H - a potion of stabbing
 I - 3 potions of haste
 J - 2 potions of cancellation {unknown}
 P - 2 potions of might
Miscellaneous
 C - a box of beasts
Comestibles
 c - 14 rations
 V - a chunk of flesh


   Skills:
 + Level 10.0 Fighting
 + Level 7.5 Short Blades
 + Level 8.9 Long Blades
 + Level 7.5 Axes
 + Level 7.5 Maces & Flails
 + Level 7.5 Polearms
 + Level 7.5 Staves
 + Level 7.5 Slings
 + Level 7.5 Bows
 + Level 7.5 Crossbows
 + Level 7.5 Throwing
 + Level 8.9 Armour
 + Level 8.0 Dodging
 + Level 7.5 Stealth
 + Level 7.5 Shields
 + Level 7.5 Unarmed Combat
 + Level 7.5 Spellcasting
 + Level 6.2 Conjurations
 + Level 6.2 Hexes
 + Level 6.2 Charms
 + Level 6.2 Summonings
 + Level 6.2 Necromancy
 + Level 6.2 Translocations
 + Level 6.2 Transmutations
 + Level 6.2 Fire Magic
 + Level 6.2 Ice Magic
 + Level 6.2 Air Magic
 + Level 6.2 Earth Magic
 + Level 6.2 Poison Magic
 + Level 9.5 Invocations
 + Level 7.5 Evocations


You had 2 spell levels left.
You knew the following spells:

 Your Spells              Type           Power        Failure   Level  Hunger
a - Airstrike             Air            ####......   3%          4    ###....
b - Iskenderun's Battles  Conj/Chrm      ####....     10%         5    #####..
d - Static Discharge      Conj/Air       ####....     1%          3    #......
l - Lightning Bolt        Conj/Air       ####......   10%         5    #####..
m - Bolt of Magma         Conj/Fire/Erth ####......   10%         5    #####..
s - Swiftness             Chrm/Air       ####....     1%          2    None

Your spell library contained the following spells:

 Spells                   Type           Power        Failure   Level  Hunger
 Shock                    Conj/Air       ####         1%          1    None
 Leda's Liquefaction      Hex/Erth       ####......   3%          4    ###....
 Iron Shot                Conj/Erth      ####......   43%         6    ######.
 Statue Form              Tmut/Erth      ####.....    43%         6    ######.
 Orb of Destruction       Conj           ####......   92%         7    #######
 Spellforged Servitor     Conj/Summ      ####......   92%         7    #######
 Shatter                  Erth           ####......   100%        9    #######


Dungeon Overview and Level Annotations

Branches:
Dungeon (10/15)            Temple (0/1) D:7            Lair (3/6) D:10
 Spider (0/4) Lair:3
  Swamp: Lair:2-4    Shoals: Lair:2-4       Orc: D:9-12

Altars:
Ashenzari
Dithmenos
Gozag
Kikubaaqudgha
Nemelex Xobeh
Okawaru
Qazlal
Ru
Sif Muna
Trog
Yredelemnul
Zin

Shops:
D:8 [

Portals:
Gauntlet: Lair:3

Annotations:
D:4 1 runed translucent door, Crazy Yiuf
D:9 2 transporters
Lair:2 exclusion: oklob plant
Lair:3 Gastronok


Innate Abilities, Weirdness & Mutations

Your experience applies equally to all skills.
You have very sharp teeth.
Your uncanny sense of smell can sniff out nearby items.
You are partially covered in rugged brown scales. (AC +1, +3% HP)
You have supernaturally acute eyesight. (SInv)
You have an increased reservoir of magic. (+10% MP)
Your muscles are strong. (Str +2)


Message History

Okay, then.
Unknown command.
Press: ? - help, v - describe, . - travel, g - get item
Here: Gastronok, wearing a +1 hat of intelligence (almost dead, poisoned, covering ground quickly) 6 gold pieces.
The floor.
Okay, then.
Blink to where?
Press: ? - help, Dir - move target cursor, p - Gastronok
As you read the scroll of blinking, it crumbles to dust.
A hippogriff comes into view.
The hippogriff screeches!
A water moccasin comes into view.
Found an escape hatch in the ceiling.
It was a potion of flight.
You feel very buoyant.
You fly up into the air.
Gastronok waves his eye-stalks in wide circles.
The air twists around and violently strikes you in flight!!!
You die...

#####..................
#....w.................
#....$..................
#.......w...............
#...........<.........÷.
##.###.#..#P.....#P.#.##
##. ####.##PP...###..#.#
#P..#..........).....∩..
##....<@........#.......
#.##...........PP......
###.........P.......
#.H..P............
..........###..###
.............#...P#
....S..............
....................
...........


You could see Gastronok, a hippogriff and a water moccasin (wandering).

Vanquished Creatures
  Harold (D:8)
  2 hydras (Lair:1)
  2 two-headed ogres
  An unseen horror (D:10)
  2 lindwurms (Lair:2)
  An orc knight (D:7)
  An orb spider (Lair:3)
  3 black mambas (Lair:2)
  Grinder (D:4)
  3 hornets (Lair:2)
  8 blink frogs
  5 hippogriffs
  2 wyverns
  6 yaks
  Grum (D:9)
  A hungry ghost (D:6)
  17 wargs
  4 water moccasins
  13 orc warriors
  7 porcupines
  An ice beast (D:7)
  A sky beast (D:6)
  A black bear (D:8)
  A phantom (D:7)
  6 ogres
  4 wolves (D:9)
  4 centaurs
  9 crocodiles
  A big kobold (D:10)
  Blork the orc (D:6)
  A gnoll sergeant (D:4)
  16 bullfrogs
  2 scorpions
  4 killer bees
  5 wights
  3 howler monkeys
  A crimson imp (D:5)
  A quasit (D:10)
  A bullfrog zombie (D:10)
  5 orc priests
  A bullfrog skeleton (D:8)
  2 hounds
  12 orc wizards
  A centaur skeleton (D:9)
  6 iguanas
  5 worker ants
  A hound zombie (D:7)
  Robin (D:3)
  10 gnolls
  A howler monkey skeleton (D:7)
  12 adders
  2 shadow imps (D:8)
  2 adder zombies
  6 worms
  3 dart slugs
  5 leopard geckos
  63 orcs
  5 bats
  2 giant cockroaches
  14 goblins
  9 hobgoblins
  12 jackals
  8 kobolds
  3 quokkas
  8 frilled lizards
  A leopard gecko skeleton (D:7)
  A leopard gecko zombie (D:7)
  2 quokka skeletons
  A quokka zombie (D:7)
  3 rats
351 creatures vanquished.

Vanquished Creatures (others)
  34 fungi (D:10)
  A lurking horror (Abyss:1)
  17 plants
52 creatures vanquished.

Grand Total: 403 creatures vanquished

Notes
Turn   | Place    | Note
-------+----------+-------------------------------------------
     0 | Abyss:1  | Esekla the Gnoll Abyssal Knight began the quest for the
                  | Orb.
     0 | Abyss:1  | Reached XP level 1. HP: 23/23 MP: 3/3
    70 | Abyss:1  | Found a corrupted altar of Lugonu,
   126 | Abyss:2  | Noticed an ice beast
   159 | Abyss:2  | Noticed a bone dragon
   178 | Abyss:2  | Noticed a large abomination
   181 | Abyss:2  | Noticed a hell hound
   182 | Abyss:2  | Noticed a hell hound
   184 | D:1      | Escaped the Abyss
   226 | D:1      | Reached XP level 2. HP: 19/29 MP: 5/5
   482 | D:1      | Reached * piety under Lugonu
   482 | D:1      | Reached XP level 3. HP: 32/35 MP: 6/6
   858 | D:2      | Found a shadowy altar of Dithmenos,
  1333 | D:2      | Reached skill level 1 in Short Blades
  1333 | D:2      | Reached skill level 1 in Axes
  1333 | D:2      | Reached skill level 1 in Maces & Flails
  1333 | D:2      | Reached skill level 1 in Polearms
  1333 | D:2      | Reached skill level 1 in Staves
  1333 | D:2      | Reached skill level 1 in Slings
  1333 | D:2      | Reached skill level 1 in Bows
  1333 | D:2      | Reached skill level 1 in Crossbows
  1333 | D:2      | Reached skill level 1 in Throwing
  1333 | D:2      | Reached skill level 1 in Stealth
  1333 | D:2      | Reached skill level 1 in Shields
  1333 | D:2      | Reached skill level 1 in Unarmed Combat
  1333 | D:2      | Reached skill level 1 in Spellcasting
  1333 | D:2      | Reached skill level 1 in Evocations
  1333 | D:2      | Reached XP level 4. HP: 31/41 MP: 7/7
  1692 | D:3      | Found a stormy altar of Qazlal,
  1857 | D:3      | Reached skill level 1 in Conjurations
  1857 | D:3      | Reached skill level 1 in Hexes
  1857 | D:3      | Reached skill level 1 in Charms
  1857 | D:3      | Reached skill level 1 in Summonings
  1857 | D:3      | Reached skill level 1 in Necromancy
  1857 | D:3      | Reached skill level 1 in Translocations
  1857 | D:3      | Reached skill level 1 in Transmutations
  1857 | D:3      | Reached skill level 1 in Fire Magic
  1857 | D:3      | Reached skill level 1 in Ice Magic
  1857 | D:3      | Reached skill level 1 in Air Magic
  1857 | D:3      | Reached skill level 1 in Earth Magic
  1857 | D:3      | Reached skill level 1 in Poison Magic
  1872 | D:3      | Found a shimmering blue altar of Sif Muna,
  2034 | D:3      | Noticed Robin
  2058 | D:3      | Reached ** piety under Lugonu
  2064 | D:3      | Reached XP level 5. HP: 25/47 MP: 8/8
  2160 | D:3      | Found a sparkling altar of Nemelex Xobeh,
  2459 | D:4      | Found a large runed translucent door,
  2459 | D:4      | Found a large runed translucent door,
  2462 | D:4      | Noticed a two-headed ogre
  2463 | D:4      | Noticed an ogre
  2499 | D:4      | Found a large runed translucent door,
  2499 | D:4      | Found a large runed translucent door,
  2580 | D:4      | Noticed an ogre
  2651 | D:3      | Reached skill level 5 in Invocations
  2651 | D:3      | Reached XP level 6. HP: 24/53 MP: 9/9
  2955 | D:3      | Killed Robin
  3325 | D:4      | Noticed Grinder
  3376 | D:5      | Entered Level 5 of the Dungeon
  3534 | D:5      | Reached skill level 5 in Long Blades
  3534 | D:5      | Reached skill level 5 in Armour
  3604 | D:5      | Found an iron altar of Okawaru,
  3604 | D:5      | Found a shattered altar of Ashenzari,
  3692 | D:5      | Found an opulent altar of Gozag,
  3723 | D:5      | Reached XP level 7. HP: 38/59 MP: 10/10
  3893 | D:4      | Reached skill level 7 in Fighting
  4060 | D:4      | Reached *** piety under Lugonu
  4579 | D:4      | Found a runed translucent door,
  4580 | D:4      | Noticed Crazy Yiuf
  4640 | D:4      | Killed Grinder
  4640 | D:4      | Reached XP level 8. HP: 67/67 MP: 12/12
  4656 | D:4      | Found a sacrificial altar of Ru,
  5025 | D:5      | Found a bloodstained altar of Trog,
  5351 | D:6      | Got an ichor-stained mace
  5352 | D:6      | Noticed Blork the orc
  5357 | D:6      | Identified the cursed +3 mace of Uncertain Death {drain,
                  | rElec rPois} (You found it on level 6 of the Dungeon)
  5364 | D:6      | Killed Blork the orc
  5930 | D:7      | Found a staircase to the Ecumenical Temple,
  5987 | D:7      | Noticed a hippogriff
  6018 | D:7      | Killed a hippogriff
  6018 | D:7      | Reached **** piety under Lugonu
  6018 | D:7      | Reached XP level 9. HP: 54/72 MP: 14/14
  6605 | D:7      | Reached skill level 5 in Dodging
  6893 | D:7      | Reached skill level 8 in Fighting
  7154 | D:8      | Noticed a two-headed ogre
  7154 | D:8      | Noticed Harold
  7200 | D:7      | Killed a two-headed ogre
  7200 | D:7      | Reached XP level 10. HP: 43/80 MP: 15/17
  7432 | D:5      | Found a glowing silver altar of Zin,
  7594 | D:4      | Killed a two-headed ogre
  7594 | D:4      | Reached skill level 5 in Short Blades
  7594 | D:4      | Reached skill level 5 in Axes
  7594 | D:4      | Reached skill level 5 in Maces & Flails
  7594 | D:4      | Reached skill level 5 in Polearms
  7594 | D:4      | Reached skill level 5 in Staves
  7594 | D:4      | Reached skill level 5 in Slings
  7594 | D:4      | Reached skill level 5 in Bows
  7594 | D:4      | Reached skill level 5 in Crossbows
  7594 | D:4      | Reached skill level 5 in Throwing
  7594 | D:4      | Reached skill level 5 in Stealth
  7594 | D:4      | Reached skill level 5 in Shields
  7594 | D:4      | Reached skill level 5 in Unarmed Combat
  7594 | D:4      | Reached skill level 5 in Spellcasting
  7594 | D:4      | Reached skill level 5 in Evocations
  7987 | D:8      | Found Edosezue's Armour Shoppe,
  8291 | D:8      | Killed Harold
  8433 | D:8      | Reached ***** piety under Lugonu
  8506 | D:8      | Noticed an orc knight
  8929 | D:7      | Killed an orc knight
  8929 | D:7      | Reached XP level 11. HP: 34/87 MP: 19/19
  9472 | D:9      | Reached skill level 9 in Fighting
  9649 | D:8      | Reached skill level 5 in Conjurations
  9649 | D:8      | Reached skill level 5 in Hexes
  9649 | D:8      | Reached skill level 5 in Charms
  9649 | D:8      | Reached skill level 5 in Summonings
  9649 | D:8      | Reached skill level 5 in Necromancy
  9649 | D:8      | Reached skill level 5 in Translocations
  9649 | D:8      | Reached skill level 5 in Transmutations
  9649 | D:8      | Reached skill level 5 in Fire Magic
  9649 | D:8      | Reached skill level 5 in Ice Magic
  9649 | D:8      | Reached skill level 5 in Air Magic
  9649 | D:8      | Reached skill level 5 in Earth Magic
  9649 | D:8      | Reached skill level 5 in Poison Magic
 10236 | D:8      | Identified the ring "Denemef" {Wiz Int+3}
 10435 | D:8      | Bought the +1 buckler of Lugonu's Pride {rElec Int-3 Dex+2
                  | SInv} for 384 gold pieces
 10814 | D:9      | Learned a level 5 spell: Bolt of Magma
 10864 | D:9      | Noticed Grum
 10889 | D:9      | Killed Grum
 11084 | D:9      | Found a basalt altar of Yredelemnul,
 11085 | D:9      | Noticed a death knight
 11088 | D:9      | Found an ancient bone altar of Kikubaaqudgha,
 11102 | D:9      | Noticed a death knight
 11105 | D:9      | Found a transporter,
 11116 | D:9      | Found a transporter,
 11256 | D:10     | Entered Level 10 of the Dungeon
 11557 | D:10     | Gained mutation: Your magical capacity is low. (-10% MP)
                  | [potion of mutation]
 11557 | D:10     | Gained mutation: Scrolls take you a little longer to read.
                  | [potion of mutation]
 11557 | D:10     | Gained mutation: You expend magic power (3 MP) to
                  | strengthen your wands. [potion of mutation]
 11557 | D:10     | Gained mutation: Your mind is acute. (Int +2) [potion of
                  | mutation]
 11558 | D:10     | Lost mutation: Your magical capacity is low. (-10% MP)
                  | [potion of mutation]
 11558 | D:10     | Lost mutation: Scrolls take you a little longer to read.
                  | [potion of mutation]
 11558 | D:10     | Lost mutation: Your mind is acute. (Int +2) [potion of
                  | mutation]
 11558 | D:10     | Gained mutation: You are dopey. (Int -2) [potion of
                  | mutation]
 11558 | D:10     | Gained mutation: You have supernaturally acute eyesight.
                  | (SInv) [potion of mutation]
 11558 | D:10     | Gained mutation: You are frail. (-10% HP) [potion of
                  | mutation]
 11558 | D:10     | Gained mutation: You are partially covered in rugged brown
                  | scales. (AC +1, +3% HP) [potion of mutation]
 11559 | D:10     | Lost mutation: You are frail. (-10% HP) [potion of
                  | mutation]
 11559 | D:10     | Lost mutation: You expend magic power (3 MP) to strengthen
                  | your wands. [potion of mutation]
 11559 | D:10     | Lost mutation: You are dopey. (Int -2) [potion of mutation]
 11559 | D:10     | Gained mutation: Your muscles are strong. (Str +2) [potion
                  | of mutation]
 11559 | D:10     | Gained mutation: You have an increased reservoir of magic.
                  | (+10% MP) [potion of mutation]
 11592 | D:10     | Noticed an unseen horror
 11706 | D:10     | Found a staircase to the Lair,
 11715 | D:10     | Reached ****** piety under Lugonu
 11737 | D:10     | Killed an unseen horror
 12090 | D:10     | Reached XP level 12. HP: 98/98 MP: 24/24
 12147 | Lair:1   | Entered Level 1 of the Lair of Beasts
 12332 | Lair:1   | Noticed a five-headed hydra
 12363 | Lair:1   | Killed a five-headed hydra
 12580 | Lair:1   | Learned a level 4 spell: Airstrike
 12586 | Lair:1   | Learned a level 5 spell: Iskenderun's Battlesphere
 12592 | Lair:1   | Learned a level 5 spell: Lightning Bolt
 12596 | Lair:1   | Learned a level 3 spell: Static Discharge
 12599 | Lair:1   | Learned a level 2 spell: Swiftness
 12623 | Lair:1   | Noticed a seven-headed hydra
 12709 | Lair:1   | Killed a seven-headed hydra
 13742 | Lair:2   | Paralysed by a hornet for 2 turns
 13880 | Lair:2   | Paralysed by a hornet for 2 turns
 14229 | Lair:3   | Found a gate leading to a gauntlet,
 14250 | Lair:3   | Reached skill level 10 in Fighting
 14383 | Lair:3   | Found a hole to the Spider Nest,
 14421 | Lair:3   | Noticed Gastronok
 14450 | Lair:3   | Killed from afar by Gastronok

Levels and vault maps discovered:
D:1:      arrival_zaba_pyramid, layout_rooms, hex_medium, minmay_distorted
D:2:      layout_basic, nicolae_dithmenos_through_a_glass_darkly, first_ration,
          skrybe_limestone_x
D:3:      layout_basic, overflow_temple_1_default, led_sif_book,
          nemelex_xobeh_ov_fountains_minmay, uniq_robin
D:4:      layout_basic, nicolae_ru_path_of_blood, minmay_hollow_rounded_squares,
          uniq_crazy_yiuf_cottage, uniq_grinder
D:5:      layout_rooms, kennysheep_mini_moat,
          gammafunk_temple_overflow_elements, hangedman_feature_mirror
D:6:      layout_loops_ring, uniq_blork_the_orc
D:7:      layout_basic, minmay_temple_entry_large_hall
D:8:      lemuel_castle_with_subvaults [lemuel_castle_interior_carwin_2],
          layout_rooms, serial_shops, nicolae_shop_competitors_out_of_business,
          chequers_serial_rivers_micro_a, uniq_harold
D:9:      layout_rooms, gammafunk_temple_of_torment, uniq_grum
D:10:     layout_loops_ring, due_lair_maze_entry_diamond,
          kennysheep_generic_room_13
Lair:1:   layout_chaotic_city, lemuel_fruit_tree, serial_bayou_shore_b
Lair:2:   cheibrodos_lair_overgrown_chateau, layout_chaotic_city,
          chequers_serial_rivers_large_b, minmay_lair_oklob_chamber
Lair:3:   layout_regular_city, minmay_shoals_entry_hut,
          nicolae_spider_entry_orb_guardian, gauntlet_entry_generic,
          grunt_megastairs_5, uniq_gastronok

Skill      XL: |  1  2  3  4  5  6  7  8  9 10 11 12 |
---------------+-------------------------------------+-----
Short Blades   | 1 2 3 4 5 6 7 |  7.5
Axes           | 1 2 3 4 5 6 7 |  7.5
Maces & Flails | 1 2 3 4 5 6 7 |  7.5
Polearms       | 1 2 3 4 5 6 7 |  7.5
Staves         | 1 2 3 4 5 6 7 |  7.5
Slings         | 1 2 3 4 5 6 7 |  7.5
Bows           | 1 2 3 4 5 6 7 |  7.5
Crossbows      | 1 2 3 4 5 6 7 |  7.5
Throwing       | 1 2 3 4 5 6 7 |  7.5
Stealth        | 1 2 3 4 5 6 7 |  7.5
Shields        | 1 2 3 4 5 6 7 |  7.5
Unarmed Combat | 1 2 3 4 5 6 7 |  7.5
Spellcasting   | 1 2 3 4 5 6 7 |  7.5
Evocations     | 1 2 3 4 5 6 7 |  7.5
Conjurations   | 1 2 3 4 5 6 |  6.2
Hexes          | 1 2 3 4 5 6 |  6.2
Charms         | 1 2 3 4 5 6 |  6.2
Summonings     | 1 2 3 4 5 6 |  6.2
Necromancy     | 1 2 3 4 5 6 |  6.2
Translocations | 1 2 3 4 5 6 |  6.2
Transmutations | 1 2 3 4 5 6 |  6.2
Fire Magic     | 1 2 3 4 5 6 |  6.2
Ice Magic      | 1 2 3 4 5 6 |  6.2
Air Magic      | 1 2 3 4 5 6 |  6.2
Earth Magic    | 1 2 3 4 5 6 |  6.2
Poison Magic   | 1 2 3 4 5 6 |  6.2
Dodging        | 3 4 5 6 7 8 |  8.0
Invocations    | 5 6 7 8 9 |  9.5
Long Blades    | 5 6 7 8 |  8.9
Armour         | 5 6 7 8 |  8.9
Fighting       | 7 8 9 10 | 10.0

Action                   |  1- 3 |  4- 6 |  7- 9 | 10-12 || total
-------------------------+-------+-------+-------+-------++-------
Melee: Falchion          |    99 |   264 |   166 |       ||   529
       Bite              |    12 |    39 |    63 |   133 ||   247
       Punch             |       |       |     2 |       ||     2
       Short sword       |       |       |   277 |   150 ||   427
       Mace              |       |       |     7 |       ||     7
       Trident           |       |       |    31 |   758 ||   789
       Long sword        |       |       |       |   110 ||   110
Throw: Boomerang         |       |       |     6 |     2 ||     8
       Dart              |       |       |    12 |    47 ||    59
 Cast: Bolt of Magma     |       |       |       |    21 ||    21
       Airstrike         |       |       |       |    14 ||    14
       Lightning Bolt    |       |       |       |     5 ||     5
       Static Discharge  |       |       |       |     1 ||     1
Invok: Depart the Abyss  |     1 |       |       |       ||     1
       Bend Space        |       |       |     1 |     7 ||     8
Evoke: Wand              |       |       |     2 |     4 ||     6
  Use: Potion            |       |       |     1 |     5 ||     6
       Scroll            |       |       |    10 |    15 ||    25
 Stab: Paralysed         |       |       |    17 |       ||    17
       Sleeping          |       |       |       |     7 ||     7
  Eat: Chunk             |     1 |     7 |     4 |    20 ||    32
       Ration            |       |       |     5 |     4 ||     9
Armor: Plate armour      |    68 |    54 |   320 |   221 ||   663
       Chain mail        |       |   106 |       |       ||   106
       Robe              |       |       |       |    25 ||    25
       Ring mail         |       |       |       |   167 ||   167
Dodge: Dodged            |    19 |   106 |   124 |   529 ||   778
Block: Kite shield       |       |       |    81 |   197 ||   278
       Buckler           |       |       |       |   196 ||   196
       Rpst.: Falchion   |     5 |    27 |    14 |       ||    46
       Long sword        |       |       |       |    11 ||    11

Table legend:
 A = Non-vault XP
 B = Vault XP
 C = Vault XP percentage of total XP
 D = Non-vault monster count
 E = Vault monster count
 F = Vault count percentage of total count
                 A         B        C        D         E       F
            +---------+---------+-------+---------+---------+-------
      Total |   15975 |   13824 |  46.4 |     243 |     108 |  30.8
            +---------+---------+-------+---------+---------+-------
        D:1 |      39 |       4 |   9.3 |      18 |       3 |  14.3
        D:2 |      50 |       0 |   0.0 |      15 |       0 |   0.0
        D:3 |     139 |     278 |  66.7 |      26 |      13 |  33.3
        D:4 |     428 |    1278 |  74.9 |      22 |       4 |  15.4
        D:5 |     241 |      36 |  13.0 |      10 |       2 |  16.7
        D:6 |     726 |      96 |  11.7 |      18 |       1 |   5.3
        D:7 |    2821 |    1060 |  27.3 |      40 |       5 |  11.1
        D:8 |    1483 |    4312 |  74.4 |      23 |      45 |  66.2
        D:9 |    1161 |     774 |  40.0 |      14 |       6 |  30.0
       D:10 |    2107 |    1381 |  39.6 |      29 |      12 |  29.3
     Lair:1 |    4161 |       0 |   0.0 |      14 |       0 |   0.0
     Lair:2 |    2246 |    3887 |  63.4 |      12 |      15 |  55.6
     Lair:3 |     373 |     718 |  65.8 |       2 |       2 |  50.0
            +---------+---------+-------+---------+---------+-------
